AoeStats
← 体制少妇白洁

Arena

506647831Analyzed
4v4 RM · 17d ago on Sep 14, 2026· 35m 19s· 8 players
Game mode
Random Map
Map size
Large (8 player)
Population
200
Speed
Normal
Resources
Standard
Victory
Conquest
Starting age
Dark Age
Ending age
Imperial Age
RankedLock teamsTeams togetherTeam positionsShared explorationLock speedFull tech treeHidden civsTurbo modeCheats
Victory
Defeat
🇭🇰 Khmer · Hong Kong SAR China
1539
+11
🇨🇳 Cumans · China
1426
+15
🇨🇳 Britons · China
1404
+16
🇨🇳 Spanish · China
1320
+20
🇻🇳 Bengalis · Vietnam
1521
-21
🇳🇿 Britons · New Zealand
1402
-15
🇹🇼 Persians · Taiwan
1384
-14
🇨🇳 Poles · China
1335
-12
JayJayNico
10:57 Feudal Age
14:41 Castle Age
14:50 Double-Bit Axe
18:12 Loom
18:19 Town Watch
19:03 Bow Saw
19:42 Fletching
24:06 Ballistics
24:36 Bodkin Arrow
26:32 Gold Mining
27:02 Padded Archer Armor
29:40 Yeomen
31:14 Leather Archer Armor
32:07 Wheelbarrow
31:32 Town Patrol
35:08 Imperial Age
32:42 Stone Mining
32:30 Pikeman
34:23 Scale Mail Armor
chengaopeng044
0:41 Loom
0:41 Loom
10:51 Feudal Age
14:04 Double-Bit Axe
16:38 Castle Age
15:47 Bloodlines
16:34 Scale Barding Armor
19:51 Wheelbarrow
20:32 Forging
22:49 Bow Saw
26:28 Town Watch
26:20 Pikeman
29:28 Gold Mining
30:24 Horse Collar
31:50 Scale Mail Armor
35:45 Iron Casting
Revenant
10:47 Feudal Age
14:54 Castle Age
13:08 Double-Bit Axe
13:29 Horse Collar
16:44 Bow Saw
22:10 Wheelbarrow
22:45 Heavy Plow
23:51 Gold Mining
24:02 Stone Mining
24:56 Hand Cart
24:27 Loom
25:45 Stone Shaft Mining
26:01 Szlachta Privileges
26:04 Scale Barding Armor
27:42 Chain Barding Armor
27:32 Forging
27:47 Bloodlines
27:38 Husbandry
30:26 Imperial Age
30:06 Iron Casting
30:05 Pikeman
30:39 Cavalier
33:35 Conscription
35:34 Blast Furnace
thanh7531
10:37 Feudal Age
16:17 Castle Age
16:29 Wheelbarrow
15:41 Double-Bit Axe
18:31 Hand Cart
18:33 Loom
18:36 Town Watch
24:53 Horse Collar
30:44 Imperial Age
28:55 Bloodlines
28:46 Husbandry
28:55 Fletching
29:16 Forging
29:35 Scale Barding Armor
30:46 Elite Battle Elephant
体制少妇白洁
10:37 Feudal Age
13:40 Castle Age
12:07 Double-Bit Axe
13:21 Horse Collar
14:56 Bow Saw
15:40 Wheelbarrow
15:37 Heavy Plow
22:51 Gold Mining
24:31 Gold Shaft Mining
25:45 Hand Cart
25:27 Loom
28:37 Imperial Age
28:35 Ballistics
30:36 Chemistry
29:57 Conscription
28:58 Heavy Scorpion
29:55 Siege Engineers
29:52 Double Crossbow
29:26 Capped Ram
31:08 Scale Mail Armor
31:19 Forging
30:55 Siege Ram
31:19 Pikeman
32:16 Chain Mail Armor
32:04 Halberdier
33:22 Iron Casting
36:55 Blast Furnace
FoLuo
11:09 Feudal Age
11:43 Double-Bit Axe
14:38 Castle Age
16:45 Wheelbarrow
17:28 Horse Collar
20:38 Bow Saw
22:25 Stone Mining
23:03 Heavy Plow
23:25 Hand Cart
23:22 Gold Mining
24:41 Loom
25:09 Fletching
25:41 Fletching
26:54 Stone Shaft Mining
26:44 Scale Barding Armor
26:49 Forging
27:49 Chain Barding Armor
28:26 Bloodlines
28:16 Husbandry
32:10 Imperial Age
30:23 Caravan
31:37 Iron Casting
32:12 Cavalier
33:14 Conscription
33:31 Plate Barding Armor
33:57 Blast Furnace
33:21 Supremacy
33:56 Bodkin Arrow
33:37 Paladin
35:54 Blast Furnace
35:42 Town Watch
咽语习言
8:42 Feudal Age
9:23 Double-Bit Axe
9:27 Horse Collar
16:38 Wheelbarrow
17:07 Gold Mining
20:52 Castle Age
19:19 Scale Barding Armor
21:12 Bloodlines
21:14 Forging
22:10 Chain Barding Armor
24:06 Bow Saw
24:34 Iron Casting
23:52 Capped Ram
26:00 Hand Cart
29:50 Imperial Age
26:56 Capped Ram
31:13 Elite Steppe Lancer
33:15 Plate Barding Armor
cookie tin
8:12 Feudal Age
7:54 Loom
9:00 Double-Bit Axe
14:54 Town Watch
19:23 Castle Age
17:43 Fletching
18:59 Gold Mining
18:59 Horse Collar
20:32 Bow Saw
20:33 Heavy Plow
22:08 Wheelbarrow
27:20 Hand Cart
31:25 Imperial Age
29:00 Crossbowman
30:08 Ballistics
31:13 Bodkin Arrow
31:34 Treadmill Crane
32:13 Bracer
33:19 Chemistry
32:01 Arbalester
34:18 Gold Shaft Mining
34:51 Two-Man Saw
34:27 Masonry
34:30 Padded Archer Armor
35:11 Yeomen
35:40 Leather Archer Armor
35:20 Stone Mining
Connection lost

Rejoining the realm…

Still unreachable

The connection could not be restored.

Session expired

The server has moved on; the page needs a fresh start.